Cogmind - Beta 14 @@@ ROGUE MODE // 2024.08.15 @ 02:07:17 Player: Lord Draconis Result: Destroyed by S-27 Virus with Autogun Performance ------------- Evolutions (6) 3000 Regions Visited (11) 2200 Robots Destroyed (119) 595 Value Destroyed (3855) 3855 Prototype IDs (5) 100 Alien Tech Used (0) 0 Bonus (229) 229 TOTAL SCORE: 9979 Bonus ------- High Alert Combat Kills 169 Follower Combat Kills 71 Friendly Fire -11 Cogmind --------- Core Integrity 0/1150 Matter 280/300 Energy 24/100 System Corruption 0% Temperature Cool (59) Movement Core (200) Ox3 Location -4/Extension Parts ------- > --- POWER (1) -------- (None) > --- PROPULSION (4) --- (None) > --- UTILITY (11) ----- Advanced Visual Processing Unit Core Analyzer Hacking Suite > --- WEAPON (3) ------- Heavy Plasma Cannon > --- INVENTORY (5) ---- Improved Deuterium Engine Faulty Cold Fusion Reactor High-powered Tractor Beam Peak State ------------ > --- POWER ------------ Micro Fission Core > --- PROPULSION ------- Improved Treads Medium Treads Wheel Compact Wheel > --- UTILITY ---------- Improved Heat Sink Cooling System Huge Storage Unit Weight Redist. System Advanced Visual Processing Unit Improved Targeting Computer Advanced Targeting Computer Advanced Targeting Computer Core Analyzer Improved Light Armor Plating Layered Light Armor Plating > --- WEAPON ----------- Heavy Plasma Cannon Heavy Phase Cannon Improved Light Cannon > --- INVENTORY -------- Light Deuterium Engine Improved Deuterium Engine Cold Fusion Reactor Compact Wheel High-capacity Storage Unit Large Matter Pod Advanced Shield Generator Hacking Suite Hacking Suite Improved Hacking Suite High-powered Tractor Beam Wave Gun Heavy Plasma Cannon Heavy Phase Cannon Heavy Machine Gun Magnetic Acceleration Cannon Heavy Rocket Launcher Heavy Rocket Launcher Improved Plasma Cutter Katana [Rating: 65] Favorites ----------- Power Cooled Ion Engine Engine Cooled Ion Engine Power Core Micro Fission Core Reactor Light Antimatter Reactor Propulsion Light Treads Treads Light Treads Wheel Compact Wheel Utility Advanced Targeting Computer Device Cooling System Storage High-capacity Storage Unit Processor Advanced Targeting Computer Hackware Hacking Suite Protection Reactive Plating Weapon Advanced Beam Cannon Energy Gun Medium Laser Energy Cannon Advanced Beam Cannon Ballistic Gun Light Assault Rifle Ballistic Cannon Advanced Assault Cannon Launcher Grenade Launcher Slashing Weapon Katana Build | -11 -10 -10 -9 -8 -7 -7 -7 -6 -5 -4 -4 ------- Run | Yrd Mat Min Mat Mat Fac Low Low Fac Fac Fac Ext Slots Evolved 12 | . . . 2 2 2 . . 2 2 2 . Power . | . . . . . . . . . . . . Propulsion 2 | . . . 1 . . . . . 1 . . Utility 9 | . . . 1 2 2 . . 2 . 2 . Weapon 1 | . . . . . . . . . 1 . . Parts Attached 127 | 7 6 4 25 20 11 1 2 12 21 16 2 Power 11 | 1 2 1 2 1 . . . 1 1 2 . Engine 8 | 1 2 1 1 1 . . . 1 . 1 . Core 2 | . . . 1 . . . . . 1 . . Reactor 1 | . . . . . . . . . . 1 . Propulsion 28 | 2 . 1 7 7 3 1 . 2 4 1 . Treads 21 | 1 . . 5 7 3 1 . 2 2 . . Leg . | . . . . . . . . . . . . Wheel 7 | 1 . 1 2 . . . . . 2 1 . Hover . | . . . . . . . . . . . . Flight . | . . . . . . . . . . . . Utility 34 | 2 1 . 5 5 4 . . 5 7 4 1 Device 14 | 1 . . 3 . . . . 4 4 2 . Storage 4 | 1 1 . . . 1 . . . . 1 . Processor 6 | . . . . 3 1 . . 1 . 1 . Hackware 2 | . . . . 1 . . . . . . 1 Protection 8 | . . . 2 1 2 . . . 3 . . Artifact . | . . . . . . . . . . . . Weapon 54 | 2 3 2 11 7 4 . 2 4 9 9 1 Energy Gun 5 | 1 1 . 1 . . . . . 1 1 . Energy Cannon 16 | . . . 2 4 2 . . 1 2 4 1 Ballistic Gun 10 | 1 2 1 3 . . . 1 . . 2 . Ballistic Cannon 11 | . . . 3 1 1 . . 1 5 . . Launcher 10 | . . 1 2 1 . . 1 2 1 2 . Special Weapon . | . . . . . . . . . . . . Impact Weapon . | . . . . . . . . . . . . Slashing Weapon 2 | . . . . 1 1 . . . . . . Piercing Weapon . | . . . . . . . . . . . . Special Melee Weapon . | . . . . . . . . . . . . Unidentified Prototypes 5 | . . . 3 . . . . . 2 . . Parts Lost 38 | . 1 1 1 1 1 . . 3 7 23 . Power 4 | . 1 . 1 . . . . . . 2 . Propulsion 10 | . . . . 1 . . . 1 3 5 . Utility 16 | . . 1 . . 1 . . 2 3 9 . Weapon 8 | . . . . . . . . . 1 7 . Highest Loss Streak 12 | . 1 1 1 1 1 . . 3 3 12 . To Critical Strikes . | . . . . . . . . . . . . Average Slot Usage (%) 96 | . 100 93 99 99 99 100 100 96 98 68 13 Engine 7 | . 14 14 10 9 7 7 7 6 3 . . Treads 19 | . 14 14 21 24 22 23 23 20 18 4 . Wheel 5 | . 14 14 11 1 . . . . 2 6 . Device 10 | . 14 7 14 9 7 7 7 12 12 8 . Storage 8 | . 14 14 11 9 7 7 7 6 5 4 . Processor 14 | . . . . 15 23 23 23 25 23 22 10 Protection 8 | . . . 7 9 15 15 15 10 9 4 . Energy Gun 2 | . 14 14 1 . . . . . . . . Energy Cannon 6 | . . . 2 16 8 7 7 6 5 6 . Ballistic Gun 3 | . 14 6 4 . . . 7 3 . 2 . Ballistic Cannon 5 | . . . 13 1 4 7 . 2 10 2 . Peak Build Rating 65 | 7 9 12 23 31 40 43 44 51 59 65 16 Average Rating 32 | 4 8 10 20 28 38 40 43 47 54 46 10 On Entrance 26 | . 7 9 12 20 31 40 43 44 47 59 9 Naked Turns . | . . . . . . . . . . . . Heaviest Build 121 | 14 31 36 50 48 79 77 76 83 89 121 . Greatest Support 91 | 20 16 16 16 62 65 70 70 70 91 48 3 Greatest Overweight (x) 7 | . 1 2 3 2 1 1 1 1 7 7 . Average Overweight (x) 1 | . . 1 2 . . 1 1 1 . 1 . Largest Inventory Capacity 25 | 8 15 15 15 15 20 20 20 20 20 25 5 Average Capacity 16 | 6 10 15 15 15 19 20 20 20 20 20 5 Most Carried 20 | 6 12 15 15 15 20 20 20 20 20 20 5 Average Carried 15 | 3 8 14 14 14 16 19 20 19 19 15 4 Final Capacity 20 | 8 15 15 15 15 20 20 20 20 20 5 5 Final Carried 20 | 6 12 15 15 15 20 20 20 19 20 5 3 Class Distribution -------------------- 73% | Mutant 14% | Gunner 6% | Scavenger-Mutant 5% | Scavenger-Gunner Dominant Class ---------------- Mutant | -10/Materials Mutant | -10/Mines Mutant | -9/Materials Mutant | -8/Materials Mutant | -7/Factory Mutant | -7/Lower Caves Mutant | -7/Lower Caves Mutant | -6/Factory Gunner | -5/Factory Scavenger-Gunner | -4/Factory Mutant | -4/Extension Resources | -11 -10 -10 -9 -8 -7 -7 -7 -6 -5 -4 -4 ----------- Run | Yrd Mat Min Mat Mat Fac Low Low Fac Fac Fac Ext Matter Collected 3035 | 184 370 72 949 249 78 67 46 181 567 272 . Remotely . | . . . . . . . . . . . . Salvage Created 4380 | 94 292 19 1092 1173 104 . 136 351 822 297 . Parts 211 | 8 22 1 76 60 2 . 2 8 22 10 . Haulers Intercepted 10 | . . . 5 1 . . . 2 2 . . Recyclers Shooed 3 | . . . 1 1 . . . . 1 . . Parts Field Recycled . | . . . . . . . . . . . . Retrieved Matter . | . . . . . . . . . . . . Parts Self-Destructed 6 | . . . . . . . 6 . . . . Prevented . | . . . . . . . . . . . . Kills | -11 -10 -10 -9 -8 -7 -7 -7 -6 -5 -4 -4 ------- Run | Yrd Mat Min Mat Mat Fac Low Low Fac Fac Fac Ext Combat Hostiles Destroyed 85 | . 11 2 25 16 1 . 3 5 16 6 . Guns 20 | . 11 1 5 . . . 1 . . 2 . Cannons 48 | . . . 19 14 1 . . 2 12 . . AOE 14 | . . 1 1 2 . . 2 2 2 4 . Classes Destroyed 15 | 2 5 1 3 1 . . . 1 2 . . Worker 3 | . 1 . . . 1 . . . 1 . . Builder 1 | . . . . . . . . . 1 . . Tunneler 2 | 2 . . . . . . . . . . . Hauler 10 | . . . 5 1 . . . 2 2 . . Recycler 7 | 1 . . 3 2 . . . . 1 . . Operator 7 | . 1 . 1 4 1 . . . . . . Watcher 8 | . 2 . 3 3 . . . . . . . Swarmer 18 | . 9 1 4 . . . . . 4 . . Grunt 34 | . 2 . 12 8 . . 3 . 6 3 . Duelist 2 | . . . 1 1 . . . . . . . Sentry 14 | . . . 8 5 1 . . . . . . Demolisher 2 | . . . . . . . . 2 . . . Hunter 5 | . . . . 2 . . . . . 3 . Programmer 6 | . . . . . . . . . 6 . . Assembled 4 | . . 1 . . . . . 3 . . . Best Kill Streak 9 | 3 9 1 4 4 1 . 3 5 4 4 . Combat Bots Only 7 | . 7 1 4 3 1 . 3 5 4 4 . Max Kills in Single Turn 2 | 1 2 1 2 1 1 . 2 2 2 2 . Gunslinging 1 | . 1 . . . . . . . . . . Exploded 2 | . . 1 1 1 . . 2 2 2 2 . Melee . | . . . . . . . . . . . . Uniques/NPCs Destroyed . | . . . . . . . . . . . . Combat | -11 -10 -10 -9 -8 -7 -7 -7 -6 -5 -4 -4 -------- Run | Yrd Mat Min Mat Mat Fac Low Low Fac Fac Fac Ext Hostile Shots Fired 577 | . 25 5 76 81 27 . 8 21 77 241 16 Missed 190 | . 3 . 28 23 10 . 3 2 22 91 8 Damage Taken 7007 | . 268 45 589 1048 106 . 145 782 1171 2734 119 Core 1512 | . 9 . 71 111 30 . . 55 78 1055 103 Absorbed by Shields 39 | . . . . . . . . 16 . 23 . Ignored by Resistances 50 | . . . . . 17 . . 6 27 . . Regen/Repaired (Parts) 121 | . . . 121 . . . . . . . . Core Remaining (%) 91 | 100 . 96 82 79 . . 95 93 92 . . Volleys Fired 297 | 5 33 5 75 62 9 . 4 11 51 38 4 Largest 3 | 2 2 2 2 2 2 . 2 2 3 3 1 Hottest 219 | 70 70 80 136 136 128 . 107 116 219 219 90 Shots Fired 597 | 10 66 10 150 123 16 . 8 22 132 56 4 Gun 151 | 10 66 7 38 . . . 3 3 . 24 . Cannon 425 | . . . 108 121 16 . 4 17 128 27 4 Launcher 21 | . . 3 4 2 . . 1 2 4 5 . Special . | . . . . . . . . . . . . Kinetic 290 | 5 33 2 122 8 5 . 3 10 74 28 . Thermal 286 | 5 33 5 24 113 11 . 4 10 54 23 4 Explosive 21 | . . 3 4 2 . . 1 2 4 5 . Electromagnetic . | . . . . . . . . . . . . Robot Hit Streak 28 | 2 7 3 9 20 12 . 20 28 14 20 . Robot Miss Streak 12 | 1 3 2 12 2 1 . . 1 3 2 5 Penetration Max . | . . . . . . . . . . . . Secondary Targets 2 | . 2 . . . . . . . . . . Max Gunslinging Chain 1 | . 1 . . . . . . . . . . Shots Hit Robots 392 | 6 33 5 105 89 14 . 8 16 80 36 . Core Hits 237 | 5 19 4 92 38 4 . 5 10 37 23 . Critical Kills 5 | . . . . 1 . . . 2 2 . . Critical Parts Destroyed . | . . . . . . . . . . . . Critical Strikes 14 | 1 4 . . 2 . . . 2 4 1 . Burn 5 | 1 4 . . . . . . . . . . Meltdown 5 | . . . . 1 . . . 2 2 . . Blast 4 | . . . . 1 . . . . 2 1 . Melee Attacks 7 | . . . . 1 6 . . . . . . Impact . | . . . . . . . . . . . . Slashing 7 | . . . . 1 6 . . . . . . Piercing . | . . . . . . . . . . . . Sneak Attacks 1 | . . . . . 1 . . . . . . Combat Hostiles . | . . . . . . . . . . . . Follow-up Attacks . | . . . . . . . . . . . . Damage Inflicted 10810 | 60 390 94 2253 2021 361 . 330 1099 2754 1448 . Guns 1313 | 60 390 27 437 . . . 66 . . 333 . Cannons 6798 | . . . 1466 1846 293 . 83 309 2402 399 . Explosions 2631 | . . 67 350 175 . . 181 790 352 716 . Melee 68 | . . . . . 68 . . . . . . Ramming . | . . . . . . . . . . . . Kinetic 3750 | 22 162 . 1665 64 83 . 66 105 1181 402 . Thermal 4772 | 38 228 27 238 1782 210 . 83 615 1221 330 . Explosive 2220 | . . 67 350 175 . . 181 379 352 716 . Electromagnetic . | . . . . . . . . . . . . Impact . | . . . . . . . . . . . . Slashing 68 | . . . . . 68 . . . . . . Piercing . | . . . . . . . . . . . . Highest Corruption 8 | . 1 1 . . . . . . 8 . . Average Corruption 1 | . 1 1 . . . . . . 2 . . Corruption Purged . | . . . . . . . . . . . . Corruption Blocked . | . . . . . . . . . . . . Effects 13 | . 2 5 . . . . . . 6 . . Message Errors 4 | . . 3 . . . . . . 1 . . Matter Fused 2 | . . 1 . . . . . . 1 . . Heat Flow Errors 2 | . . 1 . . . . . . 1 . . Energy Discharges 1 | . 1 . . . . . . . . . . Parts Fused 1 | . . . . . . . . . 1 . . Data Loss (minor) 2 | . 1 . . . . . . . 1 . . Misfires 1 | . . . . . . . . . 1 . . Overload Shots . | . . . . . . . . . . . . Overflow Damage 333 | . . . 9 26 28 . 3 153 114 . . Projectiles 129 | . . . . 26 . . . 9 94 . . Explosions 176 | . . . 9 . . . 3 144 20 . . Melee 28 | . . . . . 28 . . . . . . Knockbacks 32 | . . . 13 . 1 . . 1 14 3 . Impact . | . . . . . . . . . . . . Kinetic 30 | . . . 13 . 1 . . 1 12 3 . Secondary 2 | . . . . . . . . . 2 . . Self-Inflicted Damage 488 | . . . . 155 . . 51 148 134 . . Shots 9 | . . . . 3 . . 1 2 3 . . Rammed . | . . . . . . . . . . . . Targets Rammed . | . . . . . . . . . . . . Kicked . | . . . . . . . . . . . . Crushed . | . . . . . . . . . . . . Highest Temperature 202 | 60 102 194 36 63 18 . 17 156 202 137 59 Average Temperature 38 | 27 39 58 8 17 9 . 9 56 56 30 46 Received Heat Transfer 1005 | . 36 . 258 333 30 . 45 24 153 126 . Siege Activations . | . . . . . . . . . . . . Robots Corrupted . | . . . . . . . . . . . . Combat Hostiles . | . . . . . . . . . . . . Parts Fried . | . . . . . . . . . . . . Impact Corruptions . | . . . . . . . . . . . . Robots Melted 5 | . . . . 1 . . . 2 2 . . Combat Hostiles 3 | . . . . . . . . 1 2 . . Parts Melted 22 | . 1 1 . 9 1 . . 6 4 . . Heat Transferred 7957 | 185 962 74 407 3145 370 . 148 620 1611 435 . Parts Sabotaged . | . . . . . . . . . . . . Parts Stolen . | . . . . . . . . . . . . Parts Stripped . | . . . . . . . . . . . . Power Chain Reactions . | . . . . . . . . . . . . Alert | -11 -10 -10 -9 -8 -7 -7 -7 -6 -5 -4 -4 ------- Run | Yrd Mat Min Mat Mat Fac Low Low Fac Fac Fac Ext Peak Influence 566 | 15 208 78 566 559 327 . . 127 291 138 29 Initial 254 | . 9 . 29 238 254 . . . 61 126 7 Average 187 | 5 66 14 291 388 209 . . 49 108 51 12 Maximum Alert Level 2 | . 1 . 2 2 1 . . . 1 . . Low Security (%) 56 | 100 93 100 24 . 52 . . 100 77 100 100 Level 1 32 | . 6 . 57 57 47 . . . 22 . . Level 2 11 | . . . 17 42 . . . . . . . Level 3 . | . . . . . . . . . . . . Level 4 . | . . . . . . . . . . . . Level 5 . | . . . . . . . . . . . . High Security . | . . . . . . . . . . . . Max Security . | . . . . . . . . . . . . Squads Dispatched 13 | . 1 . 5 2 . . . 1 2 2 . Investigation 4 | . . . 3 . . . . . . 1 . Extermination 3 | . . . . . . . . 1 2 . . Reinforcement 6 | . 1 . 2 2 . . . . . 1 . Assault . | . . . . . . . . . . . . Garrison . | . . . . . . . . . . . . Intercept . | . . . . . . . . . . . . Searches Triggered . | . . . . . . . . . . . . Construction Impeded . | . . . . . . . . . . . . Haulers Reinforced . | . . . . . . . . . . . . Active Scanning Responses . | . . . . . . . . . . . . Cargo Convoy Interrupts . | . . . . . . . . . . . . Stealth | -11 -10 -10 -9 -8 -7 -7 -7 -6 -5 -4 -4 --------- Run | Yrd Mat Min Mat Mat Fac Low Low Fac Fac Fac Ext Distress Signals 9 | . 2 . 4 2 . . . . . 1 . Communications Jammed . | . . . . . . . . . . . . Distress Signals . | . . . . . . . . . . . . Times Spotted 152 | . 20 4 41 33 4 . 3 6 21 14 6 Peak Tracking Total 9 | . 5 2 7 4 2 . 3 4 6 9 6 Tactical Retreats 4 | . . . 1 2 . . . . . . 1 Traps | -11 -10 -10 -9 -8 -7 -7 -7 -6 -5 -4 -4 ------- Run | Yrd Mat Min Mat Mat Fac Low Low Fac Fac Fac Ext Traps Triggered 6 | . 1 . 2 . 1 . . 1 1 . . Indirectly . | . . . . . . . . . . . . Trap Hack Attempts . | . . . . . . . . . . . . Triggered . | . . . . . . . . . . . . Disarmed . | . . . . . . . . . . . . Reprogrammed . | . . . . . . . . . . . . Reused . | . . . . . . . . . . . . Traps Extracted . | . . . . . . . . . . . . Installed . | . . . . . . . . . . . . Triggered . | . . . . . . . . . . . . Machines | -11 -10 -10 -9 -8 -7 -7 -7 -6 -5 -4 -4 ---------- Run | Yrd Mat Min Mat Mat Fac Low Low Fac Fac Fac Ext Machines Disabled 7 | . . . 1 3 . . . 2 1 . . Max in Single Turn 1 | . . . 1 1 . . . 1 1 . . Garrison Access 2 | . . . . 1 1 . . . . . . Energy Cycler 1 | . . . . . . . . . . . 1 Machines Repaired . | . . . . . . . . . . . . Machines Dismantled . | . . . . . . . . . . . . Machines Sabotaged . | . . . . . . . . . . . . Overloaded Fab Kills . | . . . . . . . . . . . . Hacking | -11 -10 -10 -9 -8 -7 -7 -7 -6 -5 -4 -4 --------- Run | Yrd Mat Min Mat Mat Fac Low Low Fac Fac Fac Ext Machines Accessed 32 | . 6 1 6 7 5 1 . 1 2 2 1 Terminals 23 | . 6 . 3 6 3 . . 1 2 1 1 Fabricators 1 | . . . . . . . . . . 1 . Repair Stations 2 | . . . 2 . . . . . . . . Recycling Units . | . . . . . . . . . . . . Scanalyzers 2 | . . . 1 . 1 . . . . . . Garrison Access 2 | . . . . 1 1 . . . . . . Total Hacks 77 | . 15 1 14 17 11 1 . 3 5 8 2 Successful 45 | . 8 1 10 7 8 1 . 1 3 5 1 Failed 32 | . 7 . 4 10 3 . . 2 2 3 1 Catastrophic 3 | . . . . 2 . . . . 1 . . Database Lockouts . | . . . . . . . . . . . . Manual 39 | . 9 . 3 13 5 . . 3 5 1 . Terminals 56 | . 15 . 5 15 7 . . 3 5 4 2 Fabricators 4 | . . . . . . . . . . 4 . Repair Stations 5 | . . . 5 . . . . . . . . Recycling Units . | . . . . . . . . . . . . Scanalyzers 6 | . . . 4 . 2 . . . . . . Garrison Access 4 | . . . . 2 2 . . . . . . Terminal Hacks 20 | . 7 1 2 3 2 1 . . 1 2 1 Part Schematic 5 | . 2 . 1 2 . . . . . . . Robot Analysis 2 | . 2 . . . . . . . . . . Open Door 3 | . . 1 . . . 1 . . . . 1 Branch Access Points 3 | . . . . . 1 . . . 1 1 . Terminal Index 1 | . . . . . 1 . . . . . . Unreport Threat 2 | . 1 . . . . . . . . 1 . Hauler Manifests 1 | . 1 . . . . . . . . . . Registered Components 2 | . 1 . . 1 . . . . . . . Zone Layout 1 | . . . 1 . . . . . . . . Fabricator Hacks 2 | . . . . . . . . . . 2 . Load Schematic 1 | . . . . . . . . . . 1 . Build 1 | . . . . . . . . . . 1 . Repair Station Hacks 4 | . . . 4 . . . . . . . . Scan Component 2 | . . . 2 . . . . . . . . Repair 2 | . . . 2 . . . . . . . . Recycling Unit Hacks . | . . . . . . . . . . . . Scanalyzer 6 | . . . 4 . 2 . . . . . . Insert Component 3 | . . . 2 . 1 . . . . . . Analyze 3 | . . . 2 . 1 . . . . . . Garrison Access Hacks 2 | . . . . 1 1 . . . . . . Seal Access 2 | . . . . 1 1 . . . . . . Unauthorized Hacks 11 | . 1 . . 3 3 . . 1 2 1 . Terminals 11 | . 1 . . 3 3 . . 1 2 1 . Botnet 11 | . 1 . . 3 3 . . 1 2 1 . Fabricators . | . . . . . . . . . . . . Repair Stations . | . . . . . . . . . . . . Recycling Units . | . . . . . . . . . . . . Scanalyzers . | . . . . . . . . . . . . Garrison Access . | . . . . . . . . . . . . Data Cores Recovered 2 | . . . . 1 1 . . . . . . Used 1 | . . . . . 1 . . . . . . Hacking Detections 22 | . 4 . 4 5 4 . . 1 2 1 1 Full Trace Events 2 | . . . 1 . . . . . . 1 . Feedback Events . | . . . . . . . . . . . . Feedback Blocked . | . . . . . . . . . . . . Robot Schematics Acquired . | . . . . . . . . . . . . Robots Built . | . . . . . . . . . . . . Authchips . | . . . . . . . . . . . . Time . | . . . . . . . . . . . . Total Robot Build Rating . | . . . . . . . . . . . . Part Schematics Acquired 7 | . 2 . 3 1 1 . . . . . . Parts Built 1 | . . . . . . . . . . 1 . Authchips . | . . . . . . . . . . . . Time 25 | . . . . . . . . . . 25 . Total Part Build Rating 1 | . . . . . . . . . . 1 . Parts Repaired 2 | . . . 2 . . . . . . . . Time 52 | . . . 52 . . . . . . . . Parts Recycled . | . . . . . . . . . . . . Recycled Matter . | . . . . . . . . . . . . Retrieved Matter . | . . . . . . . . . . . . Retrieved Components . | . . . . . . . . . . . . Parts Scanalyzed 3 | . . . 2 . 1 . . . . . . Part Schematics Acquired 3 | . . . 2 . 1 . . . . . . Parts Damaged . | . . . . . . . . . . . . Bothacking | -11 -10 -10 -9 -8 -7 -7 -7 -6 -5 -4 -4 ------------ Run | Yrd Mat Min Mat Mat Fac Low Low Fac Fac Fac Ext Used RIF Installer . | . . . . . . . . . . . . Robots Hacked . | . . . . . . . . . . . . Non-combat . | . . . . . . . . . . . . Combat . | . . . . . . . . . . . . Robot Hacks Applied . | . . . . . . . . . . . . Relay Couplers Released . | . . . . . . . . . . . . Fabnet Peak Effective % . | . . . . . . . . . . . . Robots Rewired . | . . . . . . . . . . . . Allies Hacked . | . . . . . . . . . . . . Hacks Repelled . | . . . . . . . . . . . . Allies | -11 -10 -10 -9 -8 -7 -7 -7 -6 -5 -4 -4 -------- Run | Yrd Mat Min Mat Mat Fac Low Low Fac Fac Fac Ext Total Allies 4 | . . 3 . . . . . . . . 1 Largest Group 3 | . . 3 1 . . . . . . . 1 Highest-Rated Group 40 | . . 40 16 . . . . . . . 38 Highest-Rated Ally 38 | . . 16 16 . . . . . . . 38 Total Orders . | . . . . . . . . . . . . Ally Attacks 25 | . . 12 13 . . . . . . . . Total Damage 248 | . . 105 143 . . . . . . . . Kills 5 | . . 3 2 . . . . . . . . Allies Corrupted . | . . . . . . . . . . . . Allies Melted . | . . . . . . . . . . . . Intel | -11 -10 -10 -9 -8 -7 -7 -7 -6 -5 -4 -4 ------- Run | Yrd Mat Min Mat Mat Fac Low Low Fac Fac Fac Ext Robot Analysis Total 2 | . 2 . . . . . . . . . . Derelict Logs Recovered 3 | . . . . . . 3 . . . . . Drone Launches . | . . . . . . . . . . . . Drone Recoveries . | . . . . . . . . . . . . Exploration | -11 -10 -10 -9 -8 -7 -7 -7 -6 -5 -4 -4 ------------- Run | Yrd Mat Min Mat Mat Fac Low Low Fac Fac Fac Ext Turns Passed 9058 | 74 899 554 1520 1420 845 858 548 330 1452 453 105 Spaces Moved 4865 | 44 721 309 790 728 344 355 225 117 749 327 156 Core 302 | 3 . . . . . . . . . 143 156 Treads 2120 | 2 . . . 561 344 355 225 117 516 . . Legs . | . . . . . . . . . . . . Wheels 2443 | 39 721 309 790 167 . . . . 233 184 . Hover . | . . . . . . . . . . . . Flight . | . . . . . . . . . . . . Fastest Speed 50 | 50 100 115 130 130 158 238 238 238 120 50 50 Average Speed 150 | 99 104 125 133 151 224 238 238 239 154 101 50 Slowest Speed 243 | 160 115 130 145 232 238 238 238 243 240 205 50 Overloaded Moves . | . . . . . . . . . . . . Propulsion Burnouts . | . . . . . . . . . . . . Robots Hopped . | . . . . . . . . . . . . Cave-ins Triggered . | . . . . . . . . . . . . Exploration Rate (%) 36 | 4 94 70 66 57 13 51 20 5 21 9 26 Regions Visited 11 Branch Regions 4 Pre-discovered Areas . | . . . . . . . . . . . . Known Exits Taken 3 | . . . . . 1 1 . . . 1 . Unknown Exits Taken 8 | 1 1 1 1 1 . . 1 1 1 . . Scrap Searched 4 | . . 1 . . . 3 . . . . . Spaces Dug 45 | . . . 10 . 5 . . . 11 19 . Terrain Destroyed 250 | . . 22 27 45 5 . 21 31 61 34 4 Melee 5 | . . . . . 5 . . . . . . Projectile 48 | . . . . 5 . . . 4 24 11 4 AOE 197 | . . 22 27 40 . . 21 27 37 23 . Terrain Rammed . | . . . . . . . . . . . . Walls Destroyed . | . . . . . . . . . . . . Machines Disabled . | . . . . . . . . . . . . Actions | -11 -10 -10 -9 -8 -7 -7 -7 -6 -5 -4 -4 --------- Run | Yrd Mat Min Mat Mat Fac Low Low Fac Fac Fac Ext Total 6039 | 61 805 468 1118 926 393 371 230 144 945 399 179 Wait 588 | . 36 142 178 89 15 9 . . 89 13 17 Move 4854 | 43 720 308 789 727 343 354 224 116 748 326 156 Hop . | . . . . . . . . . . . . Pick Up 74 | 6 6 5 22 9 7 3 . 2 13 1 . Fast Attach 29 | 7 . . 6 3 2 . . 1 9 1 . Attach 37 | . 1 . 4 3 3 . . 5 7 12 2 Detach 6 | . . . . . . . . 2 1 3 . Swap 61 | . 5 4 15 14 6 1 2 6 5 3 . Drop 78 | . 4 4 29 18 2 4 . 1 14 2 . Fire 297 | 5 33 5 75 62 9 . 4 11 51 38 4 Melee 7 | . . . . 1 6 . . . . . . Ram . | . . . . . . . . . . . . Kick . | . . . . . . . . . . . . Crush . | . . . . . . . . . . . . Escape Stasis 8 | . . . . . . . . . 8 . . Rewire . | . . . . . . . . . . . . Trap . | . . . . . . . . . . . . Miscellaneous . | . . . . . . . . . . . . Route ------- -11/Scrapyard -10/Materials (discovered 3 exits: *Mat x2 / *Min) -10/Mines -9/Materials (discovered 4 exits: *Mat x2 / [*Min x2]) -8/Materials (discovered 2 exits: *Fac / [*Sto]) -7/Factory (discovered 2 exits: *Low x2) -7/Lower Caves -7/Lower Caves -6/Factory (discovered 2 exits: *Fac / Low) -5/Factory (discovered 3 exits: *Fac / Upp x2) -4/Factory (discovered 5 exits: Upp x2 / *Ext x2 / Arm) -4/Extension History --------- Turn | Location | Event 10 | -11/Scrapyard | Discovered new exit (range 14) 75 | -11/Scrapyard | Entered Materials 185 | -10/Materials | Discovered new exit (range 16) 307 | -10/Materials | Build established: Mutant 427 | -10/Materials | Discovered new exit (range 10) 622 | -10/Materials | Destroyed 7 combat bots 803 | -10/Materials | Discovered new exit (range 14) 974 | -10/Materials | Entered Mines 997 | -10/Mines | Found a damaged Exp. Sensor Array with a note attached 1000 | -10/Mines | Found Prototype Device 1084 | -10/Mines | Assembled infested the area 1084 | -10/Mines | Found the Drone Emporium 1292 | -10/Mines | Assisted by bots powering up and referring to "LRC-V3" 1346 | -10/Mines | Discovered new exit (range 16) 1474 | -10/Mines | Received a Rocket Launcher from a helpful Derelict 1528 | -10/Mines | Entered Materials 1528 | -9/Materials | Accompanied by 1 ally 1528 | -9/Materials | Evolved 2 slots: Propulsion x1, Utility x1 1599 | -9/Materials | Repaired Lgt. Treads 1836 | -9/Materials | Build established: Scavenger-Mutant 1882 | -9/Materials | Discovered new exit (range 16) 2164 | -9/Materials | Discovered new exit (range 16) 2650 | -9/Materials | Discovered new exit (range 9) 2666 | -9/Materials | Build established: Mutant 3002 | -9/Materials | Repaired Lgt. Treads 3043 | -9/Materials | Discovered new exit (range 4) 3048 | -9/Materials | Entered another Materials area 3048 | -8/Materials | Evolved 2 slots: Utility x2 3144 | -8/Materials | Discovered new exit (range 20) 3904 | -8/Materials | Discovered new exit (range 18) 4468 | -8/Materials | Entered Factory 4468 | -7/Factory | Evolved 2 slots: Utility x2 5099 | -7/Factory | Identified exit to Lower Caves 5313 | -7/Factory | Entered Lower Caves 5480 | -7/Lower Caves | Learned Factory security intel 5687 | -7/Lower Caves | Encountered a Warlord checkpoint 5721 | -7/Lower Caves | Learned 4 Factory zone layouts 6008 | -7/Lower Caves | Identified exit to Lower Caves 6171 | -7/Lower Caves | Entered another Lower Caves area 6258 | -7/Lower Caves | Discovered new exit (range 4) 6373 | -7/Lower Caves | Encountered a Warlord checkpoint 6719 | -7/Lower Caves | Entered Factory 6719 | -6/Factory | Evolved 2 slots: Utility x2 6720 | -6/Factory | Identified exit to Lower Caves 6918 | -6/Factory | Assembled infested ambush trap array 6963 | -6/Factory | Lost 3 parts (1n2u) 7025 | -6/Factory | Discovered new exit (range 5) 7049 | -6/Factory | Entered another Factory area 7049 | -5/Factory | Evolved 2 slots: Propulsion x1, Weapon x1 7337 | -5/Factory | Build established: Gunner 7915 | -5/Factory | Identified exit to Upper Caves 8012 | -5/Factory | Lost 3 parts (3n) 8370 | -5/Factory | Discovered new exit (range 19) 8501 | -5/Factory | Entered another Factory area 8501 | -4/Factory | Evolved 2 slots: Utility x2 8542 | -4/Factory | Build established: Scavenger-Gunner 8570 | -4/Factory | Fabricated Huge Storage Unit (x1) 8623 | -4/Factory | Identified exit to Upper Caves 8623 | -4/Factory | Identified exit to Extension 8623 | -4/Factory | Identified exit to Armory 8756 | -4/Factory | Lost 8 parts (3n4u1w) 8760 | -4/Factory | Spotted B-86 Titan 8872 | -4/Factory | Core integrity fell below 50% 8897 | -4/Factory | Lost 12 parts (2p1n3u6w) 8925 | -4/Factory | Core integrity fell below 20% 8954 | -4/Factory | Entered Extension 8994 | -4/Extension | Rescued a captive Derelict 9047 | -4/Extension | Energy Cycler disabled 9048 | -4/Extension | Rescued a captive Derelict 9049 | -4/Extension | Rescued a captive Derelict 9050 | -4/Extension | Rescued a captive Derelict 9053 | -4/Extension | Rescued a captive Derelict 9056 | -4/Extension | Rescued a captive Derelict 9056 | -4/Extension | Rescued a captive Derelict 9059 | -4/Extension | Destroyed by S-27 Virus with Autogun Last Messages --------------- Slug penetrates Earth. Penetrated by Slug. Imp. Targeting Computer destroyed. Slug penetrates Wall. Slug penetrates Fabricator. Fabricator disabled. Acquired 15 matter. LOCATION=EXTENSION GOAL=ESCAPE T-07 Excavator enters Transfer Station. Connecting with Door Terminal... >>Open(Door) Sealed Heavy Doors opened. G5-MBU(l): "Free at last!" G5-MBU(l) destroyed. R-10 Processor collects Imp. Melee Analysis Suite. ALERT: Power surge detected, dispatching additional patrols. Energy Cycler explodes. S-27 Virus destroyed. U-05 Engineer lays Concrete. Map ----- +----------------------------------------------------+ | | | | | | | | | | | | | | | | | | | | | ????????????????????????????????????????????????? | | ????????????????????????????????????????????????? | | ??????????########??????????????????????????????? | | ??????????# ################################ | | ??????????# + !! | | ??????????# ############## ^!! | | ??????????# #????????????# ! | | ??????????# #????????????# %= ## | | ??????????# #?###????????# = #? | | ?????#######+#######T###??????# ! #? | | ?????# #??????# #? | | ?????# ########??????# #? | | ?????# #?????????????# % #? | | ?????# #?????????????# [% #? | | ?????# ##### ############### u #? | | ?????# #???# @ ss #? | | ?????# #???# ^##########;;;;##################? | | ?????# #???######???????????###?????????????????? | | ?????# #????????????????????????????????????????? | | ?????# #????????????????????????????????????????? | | ?????# #????????????????????????????????????????? | | ?????# #????????????????????????????????????????? | | ?????# #????????????????????????????????????????? | | ?????# #????????????????????????????????????????? | | ?????# #????????????????????????????????????????? | | ?????# #????????????????????????????????????????? | | ?????# #????????????????????????????????????????? | | ?????# #????????????????????????????????????????? | | ?????# #????????????????????????????????????????? | | ?????# #????????????????????????????????????????? | | ?????# #????????????????????????????????????????? | | ?????# #????????????????????????????????????????? | | ?????# #????????????????????????????????????????? | | ?????# #????????????????????????????????????????? | | ?##### #####????????????????????????????????????? | | ?# "" "" #????????????????????????????????????? | | ?# " " ###########################??????????? | | ?# ??????? | | ?# ??????? | | ?# ??????? | +----------------------------------------------------+ Best States ------------- Heat Dissipation 79 Energy Generation 21 Energy Capacity 290 Matter Stores 300 Matter Capacity 300 Sight Range 20 Robot Scan Range 15 Terrain Scan Range 16 Terrain Scan Density 10 Power Amplification 20 Additional Mass Support 6 Armor Coverage 375 Resistance: KI 20 Evasion (%) 50 Targeting Accuracy 22 Core Analysis 6 Recoil Reduction 4 Particle Charging 15 Offensive Hacking 10 Item Schematics ----------------- Huge Storage Unit | -10/Materials | Hacked Lgt. Armor Plating | -10/Materials | Hacked Hacking Suite | -9/Materials | Scanalyzed Hpw. Tractor Beam | -9/Materials | Scanalyzed Med. Armor Plating | -9/Materials | Hacked Imp. Targeting Computer | -8/Materials | Hacked Rocket Launcher | -7/Factory | Scanalyzed Robot Schematics ------------------ None Fabricated ------------ Huge Storage Unit | x1 | -4/Factory Alien Tech Used ----------------- None Achievements -------------- None Challenges ------------ None Game ------ Seed SpreadGatlingUnit Manual? 0 Play Time 01:20:02 Cumulative 41.7 hours Start 2024.08.15 @ 00:48:17 End 2024.08.15 @ 02:07:17 Sessions 1 Manual Loads 0 Difficulty Rogue Special Mode None Game No. 32 Rogue 32 Adventurer 0 Explorer 0 Win Type - Total 3 Types 3/0/0/0/0/0/0/0/0 Lore% 15 Gallery% 29 Achievement% 26 Wizard Run 0 Options --------- Layout 0 ASCII 0 Keyboard 0 Movement Mouse Keybinds 0 Fullscreen 1 Font 18/SmallcapsGlow Map View 76x50 Zoom Use 0% Tactical HUD 0 Map Filters NONE Filters NONE Steam 1 RUN: b356d379-9203-4710-9ac6-0fc2ebec04e2